 Dungeon Crawl Stone Soup version 0.24-a0-274-gb3763e6d51 (webtiles) character file.

Game seed: 8339929226939422088

18 Redear the Shield-Bearer (level 2, -1/34 HPs)
             Began as a Vampire Fighter on Apr 26, 2019.
             Slain by an ooze (3 damage)
             ... on level 1 of the Dungeon.
             The game lasted 00:02:57 (443 turns).

Redear the Shield-Bearer (Vampire Fighter)           Turns: 443, Time: 00:02:58

Health: -1/34      AC: 21    Str: 20    XL:     2   Next: 51%
Magic:  2/2        EV:  2    Int: 10    God:
Gold:   37         SH:  0    Dex: 13    Spells: 1/1 levels left

rFire    . . .     SeeInvis +   a - +0 war axe
rCold    . . .     Gourm    .   (no shield)
rNeg     + + +     Faith    .   (armour currently unavailable)
rPois    +         Spirit   .   (helmet currently unavailable)
rElec    .         Reflect  .   (cloak currently unavailable)
rCorr    .         Harm     .   (gloves currently unavailable)
MR       .....     NoTele   +   (boots currently unavailable)
Stlth    +.........             (no amulet)
HPRegen  0.11/turn              (no ring)
MPRegen  0.08/turn              (no ring)

@: mighty, tree-form
A: see invisible
a: no special abilities


You were on level 1 of the Dungeon.
You were not thirsty.
You were a tree.
You visited 1 branch of the dungeon, and saw 1 of its levels.

You collected 37 gold pieces.

Inventory:

Hand Weapons
 a - a +0 war axe (weapon)
Armour
 b - a +0 scale mail (melded)
 c - a +0 shield
Jewellery
 f - an uncursed ring of resist corrosion {unknown}
Scrolls
 e - a scroll of teleportation {unknown}
Potions
 z - a potion of blood {@q9}


   Skills:
 + Level 2.9 Fighting
 + Level 2.1 Axes
 + Level 2.6 Armour
 + Level 2.9 Shields


You had one spell level left.
You didn't know any spells.
Your spell library was empty.

Dungeon Overview and Level Annotations

Branches:
Dungeon (1/15)

Altars:


Innate Abilities, Weirdness & Mutations

((You have razor-sharp teeth.))
You have supernaturally acute eyesight. (SInv)
((You can survive without breathing.))


Message History

You barely miss the kobold. You hit the jackal.
You hit the ooze but do no damage. You hit the jackal.
You kill the jackal!
The jackal completely misses you. The ooze hits you.
* * * LOW HITPOINT WARNING * * *
The jackal barely misses you.
The jackal bites you but does no damage.
The kobold hits you but does no damage.
You take 1 damage, and have 2/34 hp.
Unknown command.
You feel very mighty all of a sudden.
The jackal bites you but does no damage.
The ooze hits you but does no damage. The jackal barely misses you.
The jackal bites you but does no damage.
The kobold hits you but does no damage.
You slash the jackal!
You kill the jackal!
You barely miss the kobold. You closely miss the jackal. You slash the ooze!
The ooze hits you.
You die...

#...h. +...h.
#....#########
#...............
#(##..##.......#
#hl.r..........#
#h##.(##.###...##
##hr..............
#♣JK..............
#K..#..........#
#...#....#.#...+ .
#...#....#.#..##..
#...#....#........
.>..#....#.#..###.
##.......###......
#.......†...†....
#..%#...###...##.


You could see an ooze, 3 jackals, 2 kobolds, a frilled lizard and a rat.

Vanquished Creatures
  A leopard gecko (D:1)
  A goblin (D:1)
  2 hobgoblins (D:1)
  7 jackals (D:1)
  A kobold (D:1)
  2 rats (D:1)
14 creatures vanquished.

Notes
Turn   | Place    | Note
-------+----------+-------------------------------------------
     0 | D:1      | Redear the Vampire Fighter began the quest for the Orb.
     0 | D:1      | Reached XP level 1. HP: 17/17 MP: 1/1
   326 | D:1      | Reached skill level 2 in Axes
   326 | D:1      | Reached XP level 2. HP: 23/23 MP: 2/2
   439 | D:1      | HP: 2/23 [ooze (3)]
   443 | D:1      | Slain by an ooze

Levels and vault maps discovered:
D:1:      scummos_arrival_forest, layout_basic, minmay_pentomino_q4

Skill      XL: |  1 |
---------------+----+-----
Axes           | 2 |  2.1
Fighting       | |  2.9
Armour         | |  2.6
Shields        | |  2.9

Action                   || total
-------------------------++-------
Melee: War axe           ||    34
       Bite              ||     4
  Use: Potion            ||     2
Armor: Scale mail        ||    18
       Skin              ||    11
Dodge: Dodged            ||    27
Block: Shield            ||     4

Table legend:
 A = Non-vault XP
 B = Vault XP
 C = Vault XP percentage of total XP
 D = Non-vault monster count
 E = Vault monster count
 F = Vault count percentage of total count
                 A         B        C        D         E       F
            +---------+---------+-------+---------+---------+-------
      Total |      24 |       3 |  11.1 |      12 |       2 |  14.3
            +---------+---------+-------+---------+---------+-------
        D:1 |      24 |       3 |  11.1 |      12 |       2 |  14.3
            +---------+---------+-------+---------+---------+-------
